Map: Crimson Research Lab LE

Players

cambaloko

  • Race: Protoss Protoss
  • Spawn Location: 5:00

gunndowning

  • Race: Protoss Protoss
  • League: Silver
  • Spawn Location: 5:00

Nominus

  • Race: Protoss Protoss
  • Spawn Location: 11:00

David

  • Race: Terran Terran
  • Spawn Location: 11:00

VOD

Have the link to the VOD?

Description

Time

  • Played on: April 10, 2025, 10:13 a.m.
  • Length: 15:32
Show
View Real Time Build Order
Export as new Build Order

cambaloko Protoss 

Build Orders: Oracle Opening, Carriers 

Get SALT Encoding   

  12  0:06  Probe  
  13  0:18  Probe  
  13  0:21  Pylon  
  13  0:26  Probe  
  15  0:38  Probe  
  16  0:43  Gateway  
  16  0:50  Probe  
  16  0:51  Assimilator  
  16  0:56  Assimilator  
  17  0:59  Probe  
  18  1:07  Probe  
  18  1:16  Pylon, Probe  
  20  1:28  Probe  
  21  1:34  Cybernetics Core  
  21  1:40  Probe  
  22  1:52  Probe  
  23  2:06  Nexus  
  23  2:17  Stargate  
  23  2:26  Stargate  
  23  2:33  Probe  
  23  2:36  Assimilator  
  24  2:46  Pylon, Probe  
  25  2:55  Oracle  
  25  2:57  Forge  
  25  2:59  Probe  
  26  3:06  Oracle  
  32  3:23  Probe x2  
  34  3:35  Photon Cannon  
  34  3:42  Probe  
  34  3:45  Probe  
  34  3:48  Pylon  
  36  3:54  Probe  
  37  3:57  Probe  
  38  4:08  Probe  
  38  4:09  Probe, Photon Cannon  
  40  4:16  Phoenix  
  42  4:20  Probe  
  43  4:27  Probe  
  44  4:32  Probe  
  45  4:39  Probe  
  45  4:44  Probe  
  44  4:51  Probe  
  50  4:56  Probe  
  50  4:57  Void Ray x2  
  51  5:05  Probe  
  52  5:09  Probe  
  52  5:11  Assimilator  
  53  5:17  Probe  
  54  5:23  Probe  
  55  5:29  Probe  
  55  5:34  Nexus  
  55  5:35  Probe  
  57  5:36  Pylon  
  57  5:40  Pylon  
  57  5:42  Probe  
  58  5:47  Oracle, Probe  
  62  5:54  Probe  
  62  5:55  Shield Battery  
  63  5:58  Photon Cannon  
  63  6:00  Photon Cannon  
  63  6:02  Photon Cannon  
  63  6:04  Pylon  
  63  6:06  Probe x2  
  65  6:18  Probe x2  
  67  6:27  Assimilator  
  67  6:30  Probe, Stargate x2  
  67  6:31  Assimilator  
  68  6:34  Stargate  
  68  6:37  Pylon  
  68  6:39  Pylon  
  68  6:40  Pylon  
  68  6:57  Fleet Beacon  
  68  7:06  Pylon  
  68  7:07  Pylon  
  68  7:11  Probe, Pylon  
  68  7:12  Probe x2, Pylon  
  68  7:13  Pylon  
  65  7:24  Probe x3  
  64  7:36  Probe x2  
  62  7:51  Carrier  
  62  7:52  Carrier  
  62  7:55  Carrier x3  
  87  8:32  Nexus  
  87  8:37  Photon Cannon  
  87  8:39  Photon Cannon  
  87  8:41  Photon Cannon x2  
  87  8:43  Pylon  
  86  8:55  Probe x2  
  81  9:07  Probe x2  
  81  9:19  Probe x2  
  83  9:31  Probe x2  
  85  9:43  Probe x2  
  85  9:45  Carrier  
  93  9:53  Probe  
  93  9:54  Probe x2  
  96  10:01  Probe  
  96  10:02  Probe x2  
  99  10:09  Probe  
  99  10:10  Probe  
  99  10:12  Probe  
  101  10:20  Stargate  
  102  10:21  Probe x2  
  102  10:22  Stargate x2  
  102  10:24  Probe  
  105  10:33  Probe  
  105  10:34  Probe  
  107  10:36  Pylon  
  107  10:38  Pylon  
  107  10:41  Carrier x2  
  119  10:59  Nexus  
  119  11:01  Pylon  
  119  11:03  Pylon  
  119  11:16  Assimilator  
  119  11:20  Assimilator  
  119  11:31  Probe x2  
  119  11:32  Probe  
  122  11:43  Probe  
  122  11:44  Probe x2  
  125  11:55  Probe  
  125  11:56  Probe x2  
  125  11:58  Carrier x5  
  158  12:20  Nexus  
  158  12:22  Pylon  
  158  12:23  Pylon  
  158  12:36  Carrier x2  
  170  12:40  Protoss Shields Level 1  
  170  12:53  Protoss Air Weapons Level 1  
  170  12:54  Stargate  
  170  12:55  Photon Cannon  
  170  13:02  Carrier  
  146  13:56  Carrier x4  
  146  13:59  Probe x3  
  173  14:04  Shield Battery  
  173  14:06  Photon Cannon x2  
  173  14:08  Photon Cannon  
  173  14:09  Photon Cannon  
  173  14:11  Probe x3  
  173  14:12  Pylon  
  176  14:23  Probe x3  
  176  14:28  Carrier x2  
  188  14:35  Probe x2  
Show
View Real Time Build Order
Export as new Build Order

gunndowning Protoss 

Build Orders:  

Get SALT Encoding   

  12  0:15  Probe  
  12  0:17  Pylon  
  13  0:23  Probe  
  14  0:33  Probe  
  15  0:39  Gateway  
  15  0:45  Probe  
  16  0:58  Forge  
  16  1:05  Probe  
  17  1:13  Probe  
  18  1:20  Assimilator  
  18  1:21  Probe  
  18  1:24  Assimilator  
  19  1:33  Probe  
  19  1:35  Cybernetics Core  
  20  1:45  Probe  
  21  1:57  Probe, Photon Cannon  
  22  2:05  Probe  
  22  2:12  Warp Gate  
  23  2:26  Nexus  
  23  2:38  Pylon  
  23  2:48  Pylon  
  23  2:56  Probe  
  24  3:07  Probe  
  25  3:15  Probe  
  26  3:22  Gateway  
  26  3:23  Probe  
  26  3:24  Gateway  
  26  3:30  Gateway  
  27  3:35  Probe  
  28  3:43  Gateway  
  28  3:47  Probe  
  28  3:48  Gateway  
  28  3:54  Probe  
  30  3:59  Assimilator  
  30  4:06  Assimilator  
  30  4:14  Pylon  
  30  4:17  Pylon  
  30  4:19  Probe  
  30  4:20  Probe  
  32  4:29  Probe  
  32  4:31  Probe  
  33  4:37  Probe  
  34  4:43  Probe  
  36  4:46  Probe  
  37  4:55  Nexus, Probe  
  38  5:00  Assimilator  
  38  5:07  Probe  
  38  5:11  Assimilator  
  39  5:17  Probe  
  39  5:19  Probe  
  41  5:28  Twilight Council  
  41  5:29  Probe  
  41  5:31  Probe  
  41  5:32  Robotics Facility  
  43  5:40  Stargate  
  43  5:41  Probe  
  44  5:43  Probe  
  45  5:53  Probe  
  45  5:56  Probe  
  47  6:01  Forge x2  
  47  6:05  Probe  
  47  6:08  Probe  
  49  6:17  Gateway, Probe  
  49  6:18  Gateway  
  50  6:19  Gateway x2  
  50  6:20  Probe  
  51  6:26  Gateway  
  51  6:29  Probe  
  51  6:30  Probe  
  51  6:32  Charge, Probe  
  54  6:41  Probe  
  54  6:42  Probe x2  
  57  6:49  Probe  
  57  6:50  Probe x2  
  59  6:56  Protoss Ground Armor Level 1, Protoss Ground Weapons Level 1  
  59  6:58  Probe, Protoss Shields Level 1  
  61  7:17  Stalker x4  
  61  7:18  Stalker  
  67  7:37  Stalker x3  
  67  7:38  Stalker x3  
  69  8:07  Stalker x2  
  69  8:08  Stalker x4  
  69  8:09  Stalker x2  
  69  8:12  Blink  
  73  8:35  Nexus  
  73  8:45  Stalker x2  
  73  8:46  Stalker x4  
  60  9:11  Zealot x3  
  60  9:12  Zealot x5  
  70  10:05  Nexus  
  70  10:07  Assimilator, Robotics Facility  
  70  10:09  Assimilator  
  70  10:11  Pylon, Dark Shrine  
  70  10:13  Templar Archives, Pylon  
  70  10:16  Pylon  
  70  10:17  Pylon  
  70  10:18  Pylon  
  70  10:19  Pylon  
  70  10:36  Protoss Ground Weapons Level 2  
  70  10:37  Protoss Shields Level 2, Protoss Ground Armor Level 2  
  70  10:44  Warp Prism  
  72  11:06  Probe x3  
  75  11:15  Nexus  
  76  11:18  Probe x3  
  76  11:19  Assimilator  
  76  11:23  Assimilator  
  78  11:27  Pylon  
  78  11:29  Pylon  
  78  11:30  Probe x2  
  78  11:32  Pylon  
  80  11:34  Pylon  
  80  11:35  Gateway  
  80  11:36  Gateway  
  80  11:37  Gateway  
  80  11:38  Gateway  
  80  11:39  Gateway, Dark Templar x4  
  87  11:40  Dark Templar x6  
  87  11:41  Dark Templar  
  79  12:58  Nexus  
  79  13:00  Probe  
  79  13:03  Photon Cannon  
  79  13:05  Photon Cannon  
  80  13:07  Photon Cannon  
  80  13:09  Photon Cannon  
  80  13:11  Photon Cannon  
  80  13:13  Probe, Photon Cannon  
  81  13:25  Probe  
  82  13:45  Zealot x3  
  82  13:46  Zealot x5  
  82  13:47  Zealot x5  
  82  13:48  Zealot x3  
  108  13:59  Probe  
  105  14:11  Probe  
  104  14:19  Observer  
  104  14:23  Probe  
  74  14:32  Observer  
  74  14:36  Dark Templar x4  
  74  14:37  Dark Templar x7  
  74  14:38  Dark Templar x4  
  99  14:49  Observer  
  86  15:24  Stalker x4  
  86  15:25  Stalker x3  
Show
View Real Time Build Order
Export as new Build Order

Nominus Protoss 

Build Orders:  

Get SALT Encoding   

  12  0:13  Pylon  
  12  0:19  Probe  
  13  0:31  Probe  
  14  0:40  Gateway  
  14  0:43  Probe  
  15  0:56  Assimilator, Probe  
  16  0:59  Gateway  
  16  1:08  Probe  
  17  1:20  Pylon, Probe  
  18  1:31  Cybernetics Core  
  18  1:32  Probe  
  19  1:41  Assimilator, Warp Gate  
  19  1:46  Probe  
  20  1:58  Probe  
  21  2:10  Probe  
  21  2:14  Nexus  
  22  2:22  Stalker  
  22  2:27  Stalker  
  26  2:44  Pylon  
  26  3:16  Forge  
  26  3:17  Pylon  
  26  3:21  Robotics Facility  
  26  3:25  Probe  
  26  3:32  Probe  
  26  3:33  Pylon, Probe  
  28  3:35  Assimilator  
  28  3:38  Sentry  
  31  3:42  Probe  
  31  3:44  Probe  
  33  3:54  Probe  
  33  3:55  Photon Cannon  
  34  3:58  Probe  
  35  4:03  Protoss Ground Weapons Level 1  
  35  4:06  Probe  
  36  4:10  Probe  
  36  4:11  Pylon  
  37  4:19  Probe  
  37  4:22  Stalker  
  37  4:24  Observer  
  41  4:33  Stalker  
  43  4:53  Probe  
  45  5:00  Probe  
  45  5:01  Probe  
  45  5:06  Stalker x2  
  50  5:11  Probe  
  50  5:12  Probe  
  50  5:13  Gateway  
  52  5:14  Immortal  
  52  5:18  Gateway  
  52  5:24  Probe  
  57  5:31  Probe  
  58  5:36  Probe  
  58  5:38  Assimilator  
  58  5:39  Pylon  
  59  5:43  Photon Cannon  
  59  5:48  Probe  
  60  5:50  Protoss Ground Armor Level 1, Photon Cannon  
  60  5:53  Warp Prism  
  60  5:56  Stalker  
  64  5:57  Stalker  
  64  5:59  Probe  
  67  6:11  Probe  
  68  6:16  Twilight Council  
  68  6:24  Stalker  
  68  6:25  Stalker x2  
  74  6:33  Immortal  
  78  7:04  Blink  
  78  7:07  Nexus  
  78  7:11  Pylon  
  78  7:12  Immortal  
  78  7:22  Stalker x4  
  66  8:35  Protoss Ground Weapons Level 2  
  66  8:37  Stalker  
  66  8:38  Stalker x3  
  74  9:12  Assimilator  
  74  9:16  Assimilator  
  72  9:20  Pylon  
  64  9:40  Stalker  
  64  9:41  Stalker x3  
  72  9:48  Gateway  
  72  9:51  Gateway  
  72  9:56  Probe  
  72  9:58  Gateway, Photon Cannon  
  73  10:00  Shield Battery  
  73  10:03  Probe  
  73  10:04  Probe x2  
  75  10:10  Stalker  
  75  10:11  Stalker x3  
  84  10:14  Probe  
  84  10:15  Probe  
  84  10:16  Probe  
  84  10:21  Pylon  
  87  10:24  Pylon  
  87  10:26  Probe  
  88  10:28  Probe  
  88  10:32  Pylon  
  88  10:35  Stalker x2  
  91  10:36  Stalker x2  
  91  10:38  Probe  
  98  10:47  Protoss Ground Armor Level 2  
  98  10:52  Pylon  
  98  10:56  Stalker  
  100  10:57  Stalker x2  
  100  11:00  Stalker x4  
  112  11:14  Warp Prism  
  114  12:02  Stalker x2  
  114  12:03  Stalker x3  
  114  12:04  Stalker x2  
  118  12:13  Observer  
  113  12:25  Observer  
  113  12:29  Stalker x4  
  121  12:30  Stalker x3  
  120  13:12  Stalker x4  
  125  13:13  Stalker x2  
  107  14:01  Stalker x5  
  107  14:02  Stalker x2  
  120  14:14  Probe  
  121  14:19  Pylon x2  
  121  14:20  Pylon  
  117  14:26  Probe  
  110  14:33  Stalker  
  110  14:34  Stalker x5  
  110  14:35  Stalker  
  86  14:57  Stalker x3  
  86  14:58  Stalker x4  
Show
View Real Time Build Order
Export as new Build Order

David Terran 

Build Orders:  

Get SALT Encoding   

  12  0:01  SCV  
  13  0:15  Supply Depot  
  13  0:20  SCV  
  14  0:32  SCV  
  15  0:44  SCV, Barracks  
  16  0:56  SCV  
  17  1:09  SCV  
  18  1:27  Engineering Bay  
  18  1:28  SCV  
  19  1:35  Marine  
  19  1:36  Supply Depot  
  20  1:40  SCV  
  20  1:44  Refinery  
  21  1:52  SCV  
  21  1:53  Marine  
  23  2:06  Refinery  
  23  2:10  SCV, Marine  
  23  2:14  Barracks  
  25  2:22  SCV  
  26  2:28  Marine  
  27  2:34  SCV  
  28  2:39  Barracks  
  28  2:46  Marine  
  28  2:47  SCV  
  30  2:59  SCV, Terran Infantry Weapons Level 1  
  31  3:16  Command Center  
  31  3:35  Supply Depot  
  31  3:57  SCV, Marine x3  
  31  3:58  Supply Depot  
  35  4:09  SCV  
  36  4:15  Marine x3  
  39  4:21  SCV  
  32  4:32  Marine x3  
  32  4:35  SCV  
  32  4:38  SCV  
  28  4:47  SCV  
  28  4:50  SCV, Marine x3  
  32  4:59  SCV  
  33  5:02  SCV  
  34  5:08  Marine x3  
  34  5:09  Factory  
  34  5:12  SCV  
  38  5:14  SCV  
  39  5:24  SCV  
  39  5:25  Factory  
  39  5:26  SCV  
  41  6:03  Supply Depot  
  41  6:06  Factory Tech Lab  
  41  6:07  Barracks Tech Lab  
  41  6:08  Barracks Tech Lab x2  
  41  6:09  Factory Tech Lab  
  41  6:13  Starport  
  41  6:28  Siege Tank x2  
  41  6:32  Marauder  
  49  6:38  Supply Depot  
  49  6:46  SCV x2  
  51  6:52  Starport Tech Lab  
  51  6:58  SCV, Marauder  
  54  7:03  Refinery  
  54  7:12  SCV x2  
  54  7:13  Refinery  
  56  7:17  Marine  
  56  7:18  Marine  
  58  7:35  Armory  
  58  7:40  Medivac  
  58  7:41  Supply Depot  
  60  7:48  SCV  
  61  8:07  Marine x3  
  64  8:25  Marine x3  
  67  8:31  Siege Tank  
  67  8:32  Siege Tank  
  73  8:43  Marine x2  
  75  8:48  Starport Tech Lab  
  71  9:04  Marine  
  71  9:05  Marine x2  
  62  9:17  SCV x2  
  62  9:22  Marine  
  62  9:23  Marine x2  
  56  9:29  SCV x2  
  56  9:40  Marine x3  
  56  9:41  SCV x2  
  61  9:49  Terran Vehicle Weapons Level 1  
  61  9:53  SCV x2  
  61  9:58  Marine  
  61  9:59  Marauder  
  66  10:05  SCV  
  66  10:06  SCV  
  68  10:10  Medivac  
  70  10:17  SCV  
  70  10:18  SCV  
  72  10:22  Cyclone  
  72  10:23  Cyclone  
  72  10:27  Terran Infantry Armor Level 1  
  78  10:29  SCV  
  78  10:30  SCV  
  80  10:38  Supply Depot  
  80  10:41  SCV  
  80  10:42  SCV  
  82  10:59  SCV  
  82  11:03  Supply Depot  
  83  11:04  Thor  
  89  11:24  Thor, Banshee  
  98  11:27  Supply Depot  
  98  11:36  SCV  
  98  11:37  SCV  
  100  11:48  SCV  
  100  11:49  SCV, Marauder x3  
  100  11:51  Supply Depot  
  108  12:00  SCV  
  109  12:01  SCV  
  109  12:12  Banshee  
  109  12:13  SCV x2, Marauder  
  116  12:20  Terran Infantry Weapons Level 2  
  116  12:25  SCV  
  117  12:46  Marine  
  118  12:52  Marine  
  118  12:53  Marine  
  117  12:59  Supply Depot  
  117  13:04  Marine  
  117  13:10  Marine  
  118  13:18  Marine  
  116  13:20  Banshee  
  116  13:21  Marine  
  116  13:22  Supply Depot  
  118  13:28  Marine  
  119  13:36  Marine  
  119  13:39  Marine  
  120  13:45  Supply Depot  
  120  13:46  Marine  
  121  13:54  Marine  
  121  13:57  Marine  
  122  14:03  Marine, Banshee  
  122  14:08  Supply Depot  
  126  14:11  Marine  
  127  14:33  Marine x3  
  127  14:37  Siege Tank x2  
  136  14:46  Banshee  
  136  14:51  Marine x3  
  86  15:09  Marine x3  
  87  15:31  Missile Turret  
Tags
 
Add a new tag
Caveats
  • Supply blocks, unpowered buildings, or Contaminate may cause inaccurate times.
  • Supply counts are checked every 10 seconds.